 Dungeon Crawl Stone Soup version 0.31-a0-150-g89dc3ad700 (webtiles) character file.

Game seed: 12891129137285234799

634 qw the Skirmisher (level 7, -3/44 HPs)
             Began as a Gargoyle Hunter on June 8, 2023.
             Slain by Pikel
             ... wielding a +1 whip of freezing
              (4 damage)
             ... on level 4 of the Dungeon.
             The game lasted 00:01:25 (2641 turns).

qw the Skirmisher (Gargoyle Hunter)                 Turns: 2641, Time: 00:01:26

Health: -3/44      AC: 13    Str: 15    XL:     7   Next: 49%
Magic:  7/7        EV: 11    Int:  9    God:
Gold:   197        SH:  5    Dex: 15    Spells: 6/6 levels left

rFire   . . .        Y - +0 shortbow
rCold   . . .        (shield currently unavailable)
rNeg    + . .        a - +0 ring mail
rPois   inf          (no helmet)
rElec   +            (no cloak)
rCorr   +            c - +0 pair of gloves
SInv    .            m - +1 pair of boots
Will    .....        k - amulet of reflection
Stlth   +            j - ring of resist corrosion
HPRegen 0.27/turn    (no ring)
MPRegen 0.10/turn

%: reflection
@: no status effects
A: sickness immunity, AC +4, negative energy resistance 1, electricity
resistance, torment resistance 1, petrification resistance
a: no special abilities


You were on level 4 of the Dungeon.
You visited 1 branch of the dungeon, and saw 4 of its levels.
You also visited: Sewer.

You collected 197 gold pieces.


Innate Abilities, Weirdness & Mutations

You are immune to sickness and miasma.
Your stone body is resilient. (AC +4)
You are immune to poison.
You resist negative energy. (rN+)
You are resistant to electric shocks. (rElec)
You are resistant to unholy torment.
You are immune to petrification.


   Skills:
 + Level 4.5 Fighting
 - Level 13.9 Ranged Weapons
 - Level 2.0 Armour
 - Level 1.5 Dodging
 - Level 1.1 Stealth


You had 6 spell levels left.
You didn't know any spells.
Your spell library was empty.

Inventory:

Hand Weapons
 Y - a +0 shortbow (weapon)
Armour
 a - a +0 ring mail (worn)
 c - a +0 pair of gloves (worn)
 m - a +1 pair of boots (worn)
Jewellery
 j - a ring of resist corrosion (left hand)
 k - an amulet of reflection (around neck)
Scrolls
 b - a scroll of brand weapon {unknown}
 e - a scroll of noise {unknown}
 f - a scroll of identify
 q - a scroll of teleportation {unknown}
Potions
 d - a potion of mutation {unknown}
 g - 3 potions of lignification {unknown}
 h - a potion of degeneration {unknown}
 i - 3 potions of heal wounds {unknown}
 l - a potion of brilliance {unknown}
 n - a potion of invisibility {unknown}
 o - 3 potions of might {unknown}
 p - a potion of curing

Dungeon Overview and Level Annotations

Branches:
Dungeon (4/15)              Sewer (visited)
 Temple: D:4-7

Altars:
Uskayaw

Annotations:
D:4 Pikel


Message History

Pikel is lightly wounded.
Pikel hits you with a +1 whip of freezing.
Pikel freezes you. The lemure misses you.
You shoot an arrow. The arrow closely misses Pikel.
The arrow hits the lemure.
The lemure is lightly wounded.
Pikel hits you with a +1 whip of freezing.
Pikel freezes you. You block the lemure's attack.
You shoot an arrow. The arrow closely misses Pikel.
The arrow barely misses the lemure.
The lemure hits you. Pikel hits you but does no damage.
You shoot an arrow.
The arrow hits Pikel but does no damage.
Pikel is lightly wounded.
You shoot an arrow. The arrow closely misses Pikel.
The arrow misses the lemure.
Pikel hits you with a +1 whip of freezing.
Pikel freezes you. The lemure hits you.
You shoot an arrow. The arrow barely misses Pikel.
The arrow hits the lemure but does no damage.
The lemure is lightly wounded.
Pikel hits you with a +1 whip of freezing.
Pikel freezes you. The lemure closely misses you.
You shoot an arrow. The arrow completely misses Pikel.
The arrow barely misses the lemure.
Pikel barely misses you. The lemure hits you.
You shoot an arrow. The arrow closely misses Pikel.
The arrow closely misses the lemure.
The lemure barely misses you. Pikel hits you but does no damage.
You shoot an arrow.
The arrow hits Pikel but does no damage.
Pikel is lightly wounded.
You shoot an arrow.
The arrow hits Pikel but does no damage.
Pikel is lightly wounded.
Pikel misses you. You block the lemure's attack.
You shoot an arrow.
The arrow hits Pikel but does no damage.
Pikel is lightly wounded.
Pikel hits you with a +1 whip of freezing!
Pikel freezes you.
You die...

#
#<...#.###.#.%.....#####.##
#....#.###.#.......# ##.##
#........#...).....# #....
#.)....#.#####...### #..##
##...###.### ##.## #..##
#####.....# #.#######....
###.#.#.####.........###
...........########### #
.......#@##.#
#...#..##K5....# ....#..
#5##.#.# #.. #.. ..# # #
##. #.# #.# #.# #..


You could see Pikel and 2 lemures.

Vanquished Creatures
  2 lemures (D:4)
  A scorpion (D:4)
  3 jellies (Sewer)
  11 adders
  A river rat (D:3)
  A gnoll (D:3)
  An ufetubus (D:3)
  2 worms (D:3)
  2 dart slugs
  7 orcs
  12 ball pythons
  9 endoplasms
  4 giant cockroaches
  9 goblins
  6 hobgoblins
  5 quokkas
  3 bats
  6 frilled lizards
  6 kobolds
  12 rats
103 creatures vanquished.

Notes
Turn   | Place    | Note
-------+----------+-------------------------------------------
     0 | D:1      | qw the Gargoyle Hunter began the quest for the Orb.
     0 | D:1      | Reached XP level 1. HP: 12/12 MP: 1/1
     0 | D:1      | 0 ||| qw: Version: 0.2-a-119-g7aa9181
     0 | D:1      | 0 ||| qw: Game counter: 2922
     0 | D:1      | 0 ||| qw: Always use a shield: true
     0 | D:1      | 0 ||| qw: God list: Okawaru
     0 | D:1      | 0 ||| qw: Allow faded altars: false
     0 | D:1      | 0 ||| qw: Do Orc after D:15 true
     0 | D:1      | 0 ||| qw: Do second Lair branch before Depths: true
     0 | D:1      | 0 ||| qw: Lair rune preference: random
     0 | D:1      | 0 ||| qw: Plans: Normal
     0 | D:1      | 0 ||| PLANNING D:1-11
   142 | D:1      | Found a faded altar of an unknown god.
   279 | D:1      | Reached XP level 2. HP: 17/17 MP: 2/2
   576 | D:1      | 576 ||| UPGRADING to amulet of reflection.
   581 | D:1      | 581 ||| UPGRADING to ring of resist corrosion.
   582 | D:1      | 582 ||| READING 2 scrolls labelled VUQOAWKOAF.
   592 | D:1      | 592 ||| READING scroll labelled CESHIX SUYP CONE.
   593 | D:1      | 593 ||| READING scroll labelled HIHATR TAKLE.
   594 | D:1      | 594 ||| READING scroll labelled SAECEMUKKO.
   595 | D:1      | 595 ||| DROPPING scroll of torment.
   596 | D:1      | 596 ||| DROPPING scroll of butterflies.
   634 | D:2      | Reached XP level 3. HP: 21/21 MP: 3/3
   635 | D:2      | Reached skill level 5 in Ranged Weapons
   763 | D:2      | Found a hide-covered altar of Uskayaw.
   838 | D:2      | Reached skill level 3 in Fighting
   838 | D:2      | Reached XP level 4. HP: 28/28 MP: 4/4
  1042 | D:2      | 1042 ||| UPGRADING to +0 ring mail.
  1052 | D:2      | 1052 ||| DROPPING +0 leather armour.
  1053 | D:2      | 1053 ||| READING 2 scrolls labelled FILOLOTABY.
  1054 | D:2      | 1054 ||| READING scroll labelled PIOSTR VICKIS.
  1061 | D:3      | 1061 ||| PLANNING SEWER
  1272 | D:3      | Reached skill level 1 in Armour
  1307 | D:3      | 1307 ||| Stepping ~*~*~tactically~*~*~ (water).
  1359 | D:3      | Found a glowing drain.
  1360 | D:3      | 1360 ||| UPGRADING to +0 pair of gloves.
  1368 | Sewer    | Entered a sewer
  1375 | Sewer    | Reached XP level 5. HP: 32/32 MP: 5/5
  1423 | Sewer    | 1423 ||| Stepping ~*~*~tactically~*~*~ (water).
  1473 | Sewer    | Reached skill level 6 in Ranged Weapons
  1478 | Sewer    | 1478 ||| Stepping ~*~*~tactically~*~*~ (water).
  1514 | Sewer    | Reached XP level 6. HP: 29/39 MP: 6/6
  1569 | Sewer    | Found a shimmering altar of Xom.
  1609 | Sewer    | 1609 ||| UPGRADING to +1 pair of boots.
  1614 | Sewer    | 1614 ||| READING scroll labelled YLYNNORISTRI.
  1635 | D:3      | 1635 ||| PLANNING D:1-11
  2129 | D:3      | 2129 ||| DRINKING 2 fizzy grey potions.
  2136 | D:3      | 2136 ||| DRINKING 2 fuming inky potions.
  2137 | D:3      | 2137 ||| READING 2 scrolls of identify.
  2137 | D:3      | 2137 ||| IDENTIFYING orange potion
  2138 | D:3      | 2138 ||| DRINKING potion of experience.
  2138 | D:3      | Reached skill level 13 in Ranged Weapons
  2138 | D:3      | Reached XP level 7. HP: 44/44 MP: 7/7
  2139 | D:3      | 2139 ||| DROPPING potion of ambrosia.
  2620 | D:4      | Noticed Pikel
  2637 | D:4      | HP: 9/44 [lemure[Pikel] (5)]
  2641 | D:4      | HP: 1/44 [Pikel/+1 whip of freezing (9)]
  2641 | D:4      | Slain by Pikel

Levels and vault maps discovered:
D:1:      dpeg_arrival_tiny_j, layout_loops_cross,
          chequers_ecumenical_altar_twisty
D:2:      layout_rooms, basic_altar, mrwooster_statue_mirror
D:3:      layout_loops_ring, gup_sewer_entry_spiral, minmay_increasing_density
D:4:      layout_loops_cross, chequers_jeans, uniq_pikel

Skill      XL: |  1  2  3  4  5  6  7 |
---------------+----------------------+-----
Ranged Weapons | 5 6 13 | 13.9
Fighting       | 3 4 |  4.5
Armour         | 1 2 |  2.0
Dodging        | |  1.5
Stealth        | |  1.1

Action                     |  1- 3 |  4- 6 |  7- 9 || total
---------------------------+-------+-------+-------++-------
   Fire: Shortbow          |    99 |   168 |    80 ||   347
    Use: Scroll            |     4 |     4 |       ||     8
         Potion            |       |     3 |       ||     3
 Armour: Leather armour    |    19 |     2 |       ||    21
         Ring mail         |       |    34 |    12 ||    46
  Dodge: Dodged            |    32 |    26 |    21 ||    79
  Block: Other             |    13 |    14 |     7 ||    34

Table legend:
 A = Non-vault XP
 B = Vault XP
 C = Vault XP percentage of total XP
 D = Non-vault monster count
 E = Vault monster count
 F = Vault count percentage of total count
                 A         B        C        D         E       F
            +---------+---------+-------+---------+---------+-------
      Total |     304 |     242 |  44.3 |      65 |      36 |  35.6
            +---------+---------+-------+---------+---------+-------
        D:1 |      22 |       0 |   0.0 |      16 |       0 |   0.0
        D:2 |      81 |       0 |   0.0 |      20 |       0 |   0.0
        D:3 |      40 |      81 |  66.9 |      14 |      17 |  54.8
        D:4 |     161 |       0 |   0.0 |      15 |       0 |   0.0
      Sewer |       0 |     161 | 100.0 |       0 |      19 | 100.0
            +---------+---------+-------+---------+---------+-------
